 Dungeon Crawl Stone Soup version 0.21.1-1-g345015f (webtiles) character file.

69 tidbits the Grave Robber (level 4, 4/32 HPs)
             Began as a Gnoll Necromancer on June 26, 2018.
             Quit the game on level 5 of the Dungeon.
             The game lasted 00:04:09 (467 turns).

tidbits the Grave Robber (Gnoll Necromancer)         Turns: 467, Time: 00:04:10

Health: 4/32       AC:  2    Str: 10    XL:     4   Next: 20%
Magic:  7/11       EV: 15    Int: 19    God:
Gold:   92         SH:  0    Dex: 15    Spells: 6/13 levels left

rFire    . . .     SeeInvis .   a - +2 short sword (flame)
rCold    . . .     Gourm    .   (no shield)
rNeg     . . .     Faith    .   i - +0 robe
rPois    .         Spirit   .   (no helmet)
rElec    .         Reflect  .   (no cloak)
rCorr    .         Harm     .   (no gloves)
MR       .....                  (no boots)
Stlth    +++.......             (no amulet)
HPRegen  0.10/turn              (no ring)
MPRegen  0.12/turn              (no ring)

@: hasted, very quick
A: distributed training, fangs 1, strong nose
a: no special abilities


You were on level 5 of the Dungeon.
You were not hungry.

You visited 1 branch of the dungeon, and saw 6 of its levels.

You collected 92 gold pieces.

Inventory:

Hand Weapons
 a - a +2 short sword of flaming (weapon)
   (You took it off a kobold on level 3 of the Dungeon)
 e - a +0 club
 f - a +0 hunting sling
 o - a +0 quarterstaff
Missiles
 m - 38 stones (quivered)
Armour
 i - a +0 robe (worn)
Wands
 p - a wand of paralysis (6)
Scrolls
 d - a scroll of fog {unknown}
 g - a scroll of noise {unknown}
 h - a scroll of random uselessness {unknown}
 j - a scroll of identify {unknown}
 k - 2 scrolls of teleportation {unknown}
 n - a scroll of enchant armour {unknown}
Books
 b - a book of Necromancy

   Spells                             Type                      Level
   a - Pain                           Necromancy                   1
   b - Animate Skeleton               Necromancy                   1
   c - Vampiric Draining              Necromancy                   3
   d - Regeneration                   Charms/Necromancy            3
   e - Animate Dead                   Necromancy                   4
   f - Borgnjor's Vile Clutch         Necromancy/Earth             5
 l - a book of Minor Magic
   (You found it on level 3 of the Dungeon)

   Spells                             Type                      Level
   a - Magic Dart                     Conjuration                  1
   b - Blink                          Translocation                2
   c - Call Imp                       Summoning                    2
   d - Slow                           Hexes                        2
   e - Conjure Flame                  Conjuration/Fire             3
   f - Mephitic Cloud                 Conjuration/Poison/Air       3
Comestibles
 c - 4 rations


   Skills:
 + Level 1.0 Fighting
 + Level 1.0 Short Blades
 + Level 1.0 Long Blades
 + Level 1.0 Axes
 + Level 1.0 Maces & Flails
 + Level 1.0 Polearms
 + Level 1.0 Staves
 + Level 1.0 Slings
 + Level 1.0 Bows
 + Level 1.0 Crossbows
 + Level 1.0 Throwing
 + Level 1.0 Armour
 + Level 4.6 Dodging
 + Level 4.2 Stealth
 + Level 1.0 Shields
 + Level 1.0 Unarmed Combat
 + Level 5.0 Spellcasting
 + Level 0.8 Conjurations
 + Level 0.8 Hexes
 + Level 0.8 Charms
 + Level 0.8 Summonings
 + Level 7.1 Necromancy
 + Level 0.8 Translocations
 + Level 0.8 Transmutations
 + Level 0.8 Fire Magic
 + Level 0.8 Ice Magic
 + Level 0.8 Air Magic
 + Level 0.8 Earth Magic
 + Level 0.8 Poison Magic
 + Level 1.1 Invocations
 + Level 1.0 Evocations


You had 6 spell levels left.
You knew the following spells:

 Your Spells              Type           Power        Failure   Level  Hunger
a - Pain                  Necr           ####         1%          1    None
d - Vampiric Draining     Necr           ####......   1%          3    ##.....
r - Regeneration          Chrm/Necr      ###.......   7%          3    ##.....


Dungeon Overview and Level Annotations

Branches:
Dungeon (6/15)
 Temple: D:4-7

Altars:
Okawaru

Annotations:
D:3 tidbits's ghost, weakling GnNe


Innate Abilities, Weirdness & Mutations

Your experience applies equally to all skills.
You have very sharp teeth.
Your uncanny sense of smell can sniff out nearby items.


Message History

Aim: a howler monkey (moderately wounded, chance to defeat MR: 89%)
The howler monkey writhes in agony!
Casting: Pain
Confirm with . or Enter, or press ? or * to list all spells.
Aiming: Pain
Press: ? - help, Shift-Dir - straight line, f/p - howler monkey
Aim: a howler monkey (heavily wounded, chance to defeat MR: 89%)
The howler monkey writhes in agony!
Casting: Pain
Confirm with . or Enter, or press ? or * to list all spells.
Aiming: Pain
Press: ? - help, Shift-Dir - straight line, f/p - howler monkey
Aim: a howler monkey (severely wounded, chance to defeat MR: 89%)
The howler monkey writhes in agony!
The howler monkey hoots and howls with incredible vigour!
The howler monkey barely misses you.
An orc comes into view. It is wielding a flail of protection.
The orc shouts!
You hear a bark!
Something shouts, "Beg for mercy, thou artless beetle-headed snake-molt!"
Casting: Pain
Confirm with . or Enter, or press ? or * to list all spells.
Aiming: Pain
Press: ? - help, Shift-Dir - straight line, f/p - howler monkey
Aim: a howler monkey (almost dead, catching its breath, chance to defeat MR: 89%)
The howler monkey writhes in agony!
You kill the howler monkey!
Your Fighting skill increases to level 1!
Your Short Blades skill increases to level 1!
Your Long Blades skill increases to level 1!
Your Axes skill increases to level 1!
Your Maces & Flails skill increases to level 1!
Your Polearms skill increases to level 1!
Your Staves skill increases to level 1!
Your Slings skill increases to level 1!
Your Bows skill increases to level 1!
Your Crossbows skill increases to level 1!
Your Throwing skill increases to level 1!
Your Armour skill increases to level 1!
Your Shields skill increases to level 1!
Your Unarmed Combat skill increases to level 1!
Your Invocations skill increases to level 1!
Your Evocations skill increases to level 1!
You have reached level 4!
You feel clever. The jackal barely misses you. The jackal barely misses you.
You closely miss the jackal. The jackal barely misses you.
The jackal misses you.
A jackal and a shadow imp come into view.
The jackal bites you. The jackal bites you. The jackal closely misses you.
Found a ration.
The jackal misses you. The jackal bites you.
Found an iron altar of Okawaru.
There is a stone staircase leading up here.
The jackal misses you. x2
You climb upwards.
The crimson imp shouts!
A hound and 2 zombies come into view.
The hound barks!
You hear an angry hiss.
The crimson imp closely misses you.
Found 22 arrows and a ring mail.
There is a stone staircase leading down here.
Unknown command.
It was a potion of haste.
You feel yourself speed up. The crimson imp spits at you.
The crimson imp closely misses you.
The jackal bites you but does no damage.
The hound bites you.
You hit the hound. You burn the hound. Your bite misses the hound.
The hound is moderately wounded.
The jackal bites you. The hound bites you. The crimson imp hits you.
You closely miss the hound.
The hound is moderately wounded.
The hound misses you. The jackal completely misses you.
An adder comes into view.
You miss the hound.
The adder hisses angrily.
You bite the hound.
The hound is moderately wounded.
The crimson imp hits you.
* * * LOW HITPOINT WARNING * * *
The hound barely misses you. The jackal bites you.
* * * LOW HITPOINT WARNING * * *
You miss the hound.
The hound is moderately wounded.
The hound bites you.
* * * LOW HITPOINT WARNING * * *
The jackal closely misses you. The centaur zombie barely misses you.
The crimson imp blinks!
You hit the hound. You burn the hound.
The hound is severely wounded.
The hound bites you.
* * * LOW HITPOINT WARNING * * *
The jackal closely misses you.
The centaur zombie hits you but does no damage.
The adder zombie bites you but does no damage.
The crimson imp blinks!
Are you sure you want to abandon this character and quit the game? (Confirm with "yes".)

# .#.#.[.
#....#. ...
#...#..#.......
#..
.............#.
....
...............
....
.............
....
####........###
##
#.....hZ§......
#......@Z......
#......h.(..§..
#..............
##.............
#.S...........
...............
...............
...............


You could see a hound, an adder, an adder zombie, a centaur zombie and a jackal.

Vanquished Creatures
  A howler monkey (D:6)
  An adder (D:3)
  A worm (D:2)
  A giant cockroach (D:3)
  2 goblins
  A hobgoblin (D:1)
  4 kobolds
  3 bats
  3 rats (D:2)
17 creatures vanquished.

Notes
Turn   | Place    | Note
-------+----------+-------------------------------------------
     0 | D:1      | tidbits the Gnoll Necromancer began the quest for the Orb.
     0 | D:1      | Reached XP level 1. HP: 13/13 MP: 6/6
   113 | D:3      | Reached XP level 2. HP: 19/20 MP: 4/7
   210 | D:3      | Noticed tidbits's ghost (weakling GnNe)
   287 | D:2      | Reached XP level 3. HP: 16/25 MP: 3/9
   292 | D:2      | Learned a level 3 spell: Regeneration
   296 | D:2      | Learned a level 3 spell: Vampiric Draining
   313 | D:2      | Reached skill level 5 in Spellcasting
   408 | D:5      | Entered Level 5 of the Dungeon
   443 | D:6      | Reached skill level 1 in Fighting
   443 | D:6      | Reached skill level 1 in Short Blades
   443 | D:6      | Reached skill level 1 in Long Blades
   443 | D:6      | Reached skill level 1 in Axes
   443 | D:6      | Reached skill level 1 in Maces & Flails
   443 | D:6      | Reached skill level 1 in Polearms
   443 | D:6      | Reached skill level 1 in Staves
   443 | D:6      | Reached skill level 1 in Slings
   443 | D:6      | Reached skill level 1 in Bows
   443 | D:6      | Reached skill level 1 in Crossbows
   443 | D:6      | Reached skill level 1 in Throwing
   443 | D:6      | Reached skill level 1 in Armour
   443 | D:6      | Reached skill level 1 in Shields
   443 | D:6      | Reached skill level 1 in Unarmed Combat
   443 | D:6      | Reached skill level 1 in Invocations
   443 | D:6      | Reached skill level 1 in Evocations
   443 | D:6      | Reached XP level 4. HP: 27/32 MP: 4/11
   457 | D:6      | Found an iron altar of Okawaru.
   467 | D:5      | Quit the game

Skill      XL: |  1  2  3 |
---------------+----------+-----
Spellcasting   | 5 |  5.0
Fighting       | 1 |  1.0
Short Blades   | 1 |  1.0
Long Blades    | 1 |  1.0
Axes           | 1 |  1.0
Maces & Flails | 1 |  1.0
Polearms       | 1 |  1.0
Staves         | 1 |  1.0
Slings         | 1 |  1.0
Bows           | 1 |  1.0
Crossbows      | 1 |  1.0
Throwing       | 1 |  1.0
Armour         | 1 |  1.0
Shields        | 1 |  1.0
Unarmed Combat | 1 |  1.0
Invocations    | 1 |  1.1
Evocations     | 1 |  1.0
Dodging        | |  4.6
Stealth        | |  4.2
Conjurations   | |  0.8
Hexes          | |  0.8
Charms         | |  0.8
Summonings     | |  0.8
Necromancy     | |  7.1
Translocations | |  0.8
Transmutations | |  0.8
Fire Magic     | |  0.8
Ice Magic      | |  0.8
Air Magic      | |  0.8
Earth Magic    | |  0.8
Poison Magic   | |  0.8

Action                   |  1- 3 |  4- 6 || total
-------------------------+-------+-------++-------
Melee: Unarmed           |     1 |       ||     1
       Short sword       |     5 |     6 ||    11
       Bite              |       |     1 ||     1
 Cast: Pain              |    26 |     1 ||    27
       Regeneration      |     1 |       ||     1
  Use: Potion            |       |     1 ||     1
 Stab: Sleeping          |     3 |       ||     3
Armor: Robe              |     1 |     3 ||     4
Dodge: Dodged            |     4 |    16 ||    20

Table legend:
 A = Turns spent in this place as a percentage of turns spent in the entire game.
 B = Non-inter-level travel turns spent in this place as a percentage of non-inter-level travel turns spent in the entire game.
 C = Inter-level travel turns spent in this place as a percentage of turns spent in this place.
 D = Turns resting spent in this place as a percentage of non-inter-level travel turns spent in this place.
 E = Turns spent auto-exploring this place as a percentage of non-inter-level travel turns spent in this place.
 F = Non-inter-level travel turns spent in this place divided by the number of levels of this place that you've seen.
                   A       B       C       D       E      F
               +-------+-------+-------+-------+-------+----------------------
         Total | 100.0 | 100.0 |   0.0 |   0.0 |   0.0 |  77.8
       Dungeon | 100.0 | 100.0 |   0.0 |   0.0 |   0.0 |  77.8
               +-------+-------+-------+-------+-------+----------------------

Table legend:
 A = Kills in this place as a percentage of kills in entire the game.
 B = Kills by you in this place as a percentage of kills by you in the entire game.
 C = Kills by friends in this place as a percentage of kills by friends in the entire game.
 D = Other kills in this place as a percentage of other kills in the entire game.
 E = Experience gained in this place as a percentage of experience gained in the entire game.
 F = Experience gained in this place divided by the number of levels of this place that you have seen.
                   A       B       C       D       E      F
               +-------+-------+-------+-------+-------+----------------------
         Total | 100.0 | 100.0 |   N/A |   N/A | 100.0 |  16.5
       Dungeon | 100.0 | 100.0 |   N/A |   N/A | 100.0 |  16.5
               +-------+-------+-------+-------+-------+----------------------

Vault maps used:
D:1:      elethiomel_arrival_quiet
D:4:      kiku_gazebo_pond_becter, uniq_sigmund
D:5:      wad_river_or_something, minmay_temple_entry_fiery, serial_shops,
          kennysheep_little_box, first_ration, uniq_duvessa, uniq_blork_the_orc
D:6:      okawaru_gym_becter
